Workbook
Name Decision: [1]lista!$A$6:$A$7
Name PARTICIPACION: [1]lista!$A$15:$A$17
Name Procedencia: [1]lista!$A$2:$A$3
Name tipo: [1]lista!$A$11:$A$13
Name x: [2]lista!$A$11:$A$13

Sheet INFO GENERAL Y FINANCIERA
B8: Formato Información General Y Financiera De Proveedores
B10: Ciudad | M10: Fecha Dd/mm/aa | AD10: Persona Natural
AD11: Persona Jurídica
B12: 1. Información General
B13: 1.1. Identificación.
B14: Personas naturales | F14: Nombre Comercial | U14: Nombres y Apellidos | AK14: Cédula
B16: Personas jurídicas | F16: Razón Social | U16: NIT | AK16: DV
B18: Dirección | U18: Teléfono | AD18: Fax | AK18: Ciudad
B20: Pagina Web | U20: Años de Constitución | AD20: Sector al que pertenece
B22: 1.2. Personas De Contacto
B23: Gerente General | K23: E-mail | U23: Teléfono | AD23: Ext. | AK23: Celular
B25: Director Comercial | K25: E-mail | U25: Teléfono | AD25: Ext. | AK25: Celular
B27: Asesor Comercial | K27: E-mail | U27: Teléfono | AD27: Ext. | AK27: Celular
B29: 1.3. Productos Y Servicios Inscritos En El Rup De Acuerdo Con El Unspsc
B30: Incluir Listado Con Breve Descripción De Los Productos Y/o Servicios Que Ofrece La Compañía, Registrados En El Rup (agregue Las Filas Necesarias) | AK30: Código de Naciones Unidas
B36: 1.4. Códigos CIIU | AK36: 1.5. Número De Empleados
B37: Código De Actividad | F37: Descripción Actividad Económica CIIU | AD37: Tarifa ICA
B41: 2. Información Financiera - A Diciembre 31 De 2013
B42: Nombre Del Indicador | M42: Cuenta | U42: Valores En Pesos | AD42: Indicador
B43: Capacidad Financiera | F43: índice De Liquidez | M43: Activo Corriente --> | AD43: =+IFERROR(U43/U44,0) -> 0 | AK43: Veces
M44: Pasivo Corriente -->
F45: Índice De Endeudamiento | M45: Pasivo Total--> | AD45: =+IFERROR(U45/U46,0) -> 0 | AK45: Porcentaje
M46: Activo Total-->
F47: Razón De Cobertura De Intereses | M47: Utilidad Operacional--> | AD47: =+IFERROR(U47/U48,0) -> 0 | AK47: Veces
M48: Gastos De Interés-->
F49: Capital de Trabajo | M49: Activo Corriente--> | AD49: =+U49-U50 -> 0 | AK49: Pesos
M50: Pasivo corriente-->
B51: Capacidad Organizacional | F51: Rentabilidad Del Patrimonio | M51: Utilidad Operacional--> | AD51: =+IFERROR(U51/U52,0) -> 0 | AK51: Porcentaje
M52: Patrimonio-->
F53: Rentabilidad Del Activo | M53: Utilidad Operacional--> | AD53: =+IFERROR(U53/U54,0) -> 0 | AK53: Porcentaje
M54: Activo Total-->
B55: Nota: Para las empresas inspeccionadas, vigiladas o controladas por la Supersociedades, la información consignada en este numeral será validada con la reportada a la Supersociedades y disponible para consulta en Internet mediante el Sistema de Información y Riesgo Empresarial de la Supersociedades (SIREM). Si se evidencian diferencias en los valores consignados en este formato y los reportados a la Supersociedades se tomará como referencia la información del SIREM.
B56: Otra información relevante de la empresa (consigne en este espacio otra información que considere de interés)

Sheet SDC-GALLETAS
B10: COTIZACIÓN- GALLETAS
B12: EMPRESA: | L12: NIT: | Q12: FECHA:
B13: CONTACTO | L13: CARGO: | Q13: TEL. CELULAR :
B14: E-MAIL: | L14: DIRECCIÓN: | Q14: TELEFONO FIJO:
B16: Instrucciones para el diligenciamiento del formato de cotización
B17: • Por favor diligenciar solo las celdas en AMARILLO. Se deben llenar todas las casillas. • Revisar todos los requerimientos que se exponen en el documento "Ficha de Condiciones Técnicas" y Anexos; y formular su cotización en concordancia con este. • Asignar precio sin incluir el IVA en las celdas de la columnas "H, K, N y Q" para cada una de las zonas y asignar la tarifa de IVA que corresponda en las celdas de la columna "G" • El valor de la cotización deber ser expresado en PESOS COLOMBIANOS. • Los valores unitarios deberán aproximarse por exceso o por defecto al entero más cercano. Si la cifra no está aproximada y aparece con centavos, el ICBF aproximará al entero inferior. • No modificar, agregar o quitar ningún ítem o sub-ítem.
B18: Nota 1: Se realiza el formato de cotización por zonas, teniendo en cuenta que la bodega donde deben entregar el producto es diferente en cada zona, pero puede ser el mismo precio para todas las zonas, si asi lo considera el proveedor.
B20: Tipo de galletas | C20: Cantidad zona 1 | D20: Cantidad zona 2 | E20: Cantidad zona 3 | F20: Cantidad zona 4 | G20: Cantidad total | H20: Tarifa IVA | I20: Zona 1 | L20: Zona 2 | O20: Zona 3 | R20: Zona 4
I21: Precio unitario sin IVA | J21: Precio unitario IVA incluido | K21: Precio total IVA incluido | L21: Precio unitario sin IVA | M21: Precio unitario IVA incluido | N21: Precio total IVA incluido | O21: Precio unitario sin IVA | P21: Precio unitario IVA incluido | Q21: Precio total IVA incluido | R21: Precio unitario sin IVA | S21: Precio unitario IVA incluido | T21: Precio total IVA incluido
B22: Tipo cracker | C22: 10788160 | D22: 8946080 | E22: 11665680 | F22: 5342080 | G22: =SUM(C22:F22) -> 36742000 | J22: =+ROUND(I22*(1+$H22),0) -> 0 | K22: =+J22*$C22 -> 0 | M22: =+ROUND(L22*(1+$H22),0) -> 0 | N22: =+M22*$D22 -> 0 | P22: =+ROUND(O22*(1+$H22),0) -> 0 | Q22: =+P22*$E22 -> 0 | S22: =+ROUND(R22*(1+$H22),0) -> 0 | T22: =+S22*$F22 -> 0
B23: Tipo sándwich | C23: 10788160 | D23: 8946080 | E23: 11665680 | F23: 5342080 | G23: =SUM(C23:F23) -> 36742000 | J23: =+ROUND(I23*(1+$H23),0) -> 0 | K23: =+J23*$C23 -> 0 | M23: =+ROUND(L23*(1+$H23),0) -> 0 | N23: =+M23*$D23 -> 0 | P23: =+ROUND(O23*(1+$H23),0) -> 0 | Q23: =+P23*$E23 -> 0 | S23: =+ROUND(R23*(1+$H23),0) -> 0 | T23: =+S23*$F23 -> 0
B24: Tipo wafer sabor | C24: 5394080 | D24: 4473040 | E24: 5832840 | F24: 2671040 | G24: =SUM(C24:F24) -> 18371000 | J24: =+ROUND(I24*(1+$H24),0) -> 0 | K24: =+J24*$C24 -> 0 | M24: =+ROUND(L24*(1+$H24),0) -> 0 | N24: =+M24*$D24 -> 0 | P24: =+ROUND(O24*(1+$H24),0) -> 0 | Q24: =+P24*$E24 -> 0 | S24: =+ROUND(R24*(1+$H24),0) -> 0 | T24: =+S24*$F24 -> 0
B25: Total | C25: =SUM(C22:C24) -> 26970400 | D25: =SUM(D22:D24) -> 22365200 | E25: =SUM(E22:E24) -> 29164200 | F25: =SUM(F22:F24) -> 13355200 | G25: =SUM(G22:G24) -> 91855000 | K25: =SUM(K22:K24) -> 0 | N25: =SUM(N22:N24) -> 0 | Q25: =SUM(Q22:Q24) -> 0 | T25: =SUM(T22:T24) -> 0
B27: La presente cotización:
B28: • Incluye todos los costos y gastos directos e indirectos en que debe incurrir el contratista durante la ejecución del contrato de acuerdo con las especificaciones de la Ficha de Condiciones Técnicas, las obligaciones tributarias de acuerdo con las normas aplicables para el tipo de servicio y contrato correspondiente, y los costos de las pólizas. • Se remite como parte del estudio de mercado, previo a la contratación, y no implica ninguna obligación de contratar. • Tiene una vigencia de 90 dias a partir de la fecha de diligenciamiento.
B29: Inscripción en el Registro Único de Proponentes: Las personas naturales y jurídicas, nacionales o extranjeras, con domicilio en Colombia, interesadas en participar en procesos de contratación convocados por las entidades estatales, deben estar inscritas en el RUP, salvo las excepciones previstas de forma taxativa en la ley (Artículo 8 del Decreto 1510 de 2013). Se aclara que esta inscripción no se requiere para remitir cotización durante el estudio de mercado.

Sheet POLIZAS
B8: CONCEPTOS A TENER EN CUENTA PARA REALIZAR LA COTIZACIÓN DE DOTACIÓN INDUSTRIAL
B11: El presente cuadro es de carácter informativo, no se debe diligenciar. Sin embargo se entiende que la cotización incluye la totalidad de los conceptos relacionados a continuación.
B13: PÓLIZAS PARA LEGALIZACIÓN DEL CONTRATO
B15: CONCEPTO | D15: COBERTURA | E15: PLAZO (En Meses)
B16: Garantía de Seriedad de la oferta | D16: 0.1 | E16: Plazo de Ejecución
B17: Cumplimiento | D17: 0.2 | E17: Plazo de ejecución + 4 meses mas
B18: Salarios, Prestaciones | D18: 0.1 | E18: Plazo de ejecución + 36 meses mas
B19: Calidad de los Servicios | D19: 0.2 | E19: Plazo de ejecución + 4 meses mas
B20: Responsabilidad civil extracontractual | D20: 0.1 | E20: Plazo de Ejecución
B21: Cobertura: Corresponde al porcentaje del valor total del contrato a amparar.

Sheet INFO EXPERIENCIA
B8: EXPERIENCIA EN CONTRATACION EN LOS ULTIMOS 5 AÑOS
B9: EXPERIENCIA EN CONTRATACIÓN EN LOS ÚLTIMOS 5 AÑOS
B11: Empresa: | C11: =IF('SDC-GALLETAS'!C12="","",'SDC-GALLETAS'!C12) | F11: Nit: | G11: =IF('SDC-GALLETAS'!M12="","",'SDC-GALLETAS'!M12) | I11: Fecha: | J11: =IF('SDC-GALLETAS'!R12="","",'SDC-GALLETAS'!R12)
B12: Contacto: | C12: =IF('SDC-GALLETAS'!C13="","",'SDC-GALLETAS'!C13) | F12: Cargo: | G12: =IF('SDC-GALLETAS'!M13="","",'SDC-GALLETAS'!M13) | I12: Tel. celular: | J12: =IF('SDC-GALLETAS'!R13="","",'SDC-GALLETAS'!R13)
B13: E-Mail: | C13: =IF('SDC-GALLETAS'!C14="","",'SDC-GALLETAS'!C14) | F13: Dirección: | G13: =IF('SDC-GALLETAS'!M14="","",'SDC-GALLETAS'!M14) | I13: Tel. fijo: | J13: =IF('SDC-GALLETAS'!R14="","",'SDC-GALLETAS'!R14)
B15: Con el fin de conocer la experiencia con la que cuentan las empresas del sector relacionada con el objeto del presente estudio de mercado, agradecemos diligenciar el cuadro que sigue con base en los contratos suscritos en los últimos 5 años, cuyos objetos están relacionados con el objeto del presente estudio de mercado
B17: Tipo de entidad | C17: Entidad o Empresa | D17: Numero del contrato | E17: Objeto del contrato | F17: Fecha de suscripción (dd/mmm/aa) | G17: Plazo de ejecución (en años) | H17: Forma de participación (UT, consorcio, individual) | I17: % de participación | J17: Valor total ejecutado del contrato (de acuerdo con el % de participación)
B29: Nota: Agregar las filas necesarias para reportar la experiencia
